Map: Para Site LE

Players

Kelazhur - Winner!

  • Race: Terran Terran
  • League: Master
  • Spawn Location: 11:00

goblin

  • Race: Protoss Protoss
  • Spawn Location: 5:00

Event: HomeStory Cup XVIII

VOD

Have the link to the VOD?

Description

Time

  • Played on: Nov. 22, 2018, 11:40 a.m.
  • Length: 4:37

All games in this series

Show
View Real Time Build Order
Export as new Build Order

Kelazhur Terran - Winner!

Build Orders: Cyclone Opening 

Get SALT Encoding   

  12  0:00  SCV  
  13  0:13  SCV  
  14  0:18  Supply Depot  
  14  0:25  SCV  
  15  0:39  SCV  
  16  0:43  Barracks  
  16  0:45  Refinery  
  16  0:52  SCV  
  16  0:56  Refinery  
  17  1:04  SCV  
  18  1:16  SCV  
  19  1:30  Reaper, Orbital Command  
  20  1:44  Factory  
  20  1:47  Bunker  
  20  1:55  SCV  
  21  2:01  Supply Depot  
  21  2:02  Marine  
  21  2:08  SCV  
  23  2:22  Marine  
  23  2:26  SCV  
  25  2:32  Factory Tech Lab  
  25  2:34  Starport  
  25  2:42  Supply Depot, Marine  
  26  2:49  SCV  
  27  2:51  Cyclone  
  27  2:56  Liberator  
  30  3:01  SCV  
  30  3:03  Marine  
  35  3:22  Supply Depot  
  35  3:29  Cyclone  
  38  3:42  SCV  
  38  3:43  Command Center  
  38  4:00  SCV  
  38  4:02  Viking, Cyclone  
  44  4:03  Marine  
  38  4:28  Barracks  
  38  4:29  Barracks  
Show
View Real Time Build Order
Export as new Build Order

goblin Protoss 

Build Orders: 1 Gate Expand 

Get SALT Encoding   

  12  0:00  Probe  
  13  0:13  Probe  
  14  0:20  Pylon  
  14  0:25  Probe  
  15  0:34  Probe  
  15  0:39  Gateway  
  15  0:42  Probe  
  16  0:47  Assimilator  
  17  0:52  Probe  
  18  1:04  Probe  
  19  1:26  Cybernetics Core  
  19  1:30  Nexus  
  19  1:33  Probe  
  20  1:40  Assimilator  
  20  1:41  Zealot  
  20  1:45  Pylon  
  20  1:53  Probe  
  23  1:59  Adept  
  23  2:06  Probe  
  26  2:16  Warp Gate  
  26  2:18  Probe  
  27  2:24  Adept  
  29  2:34  Probe  
  30  2:40  Robotics Facility  
  30  2:43  Stalker  
  29  2:50  Pylon  
  29  2:55  Probe  
  29  2:57  Probe  
  33  3:09  Shield Battery  
  32  3:13  Probe x2  
  32  3:15  Stalker  
  36  3:25  Probe, Immortal  
  34  3:39  Probe x2  
  36  3:51  Stalker  
  36  3:55  Shield Battery  
  28  4:31  Stalker  
Tags
 
Add a new tag
Caveats
  • Supply blocks, unpowered buildings, or Contaminate may cause inaccurate times.
  • Supply counts are checked every 10 seconds.